 Dungeon Crawl Stone Soup version 0.31.0-32-g396128a36d (webtiles) character file.

Game seed: 8462348163378636323

359 bnorton916 the Magician (level 6, 0/32 HPs)
             Began as a Deep Elf Fire Elementalist on Apr 10, 2024.
             Killed by divine providence
             ... invoked by an orc priest
              (9 damage)
             ... on level 4 of the Dungeon.
             The game lasted 00:04:38 (5298 turns).

bnorton916 the Magician (DEFE)                      Turns: 5298, Time: 00:04:39

Health: 0/32       AC:  3    Str:  5    XL:     6   Next: 37%
Magic:  8/16       EV: 12    Int: 22    God:
Gold:   145        SH:  0    Dex: 15    Spells: 13/16 levels left

rFire   . . .        (no weapon)
rCold   . . .        (no shield)
rNeg    . . .        a - +0 robe
rPois   .            (no helmet)
rElec   .            (no cloak)
rCorr   .            j - +0 pair of gloves
SInv    .            (no boots)
Will    .....        (no amulet)
Stlth   ++           (no ring)
HPRegen 0.25/turn    (no ring)
MPRegen 0.15/turn

%: no passive effects
@: no status effects
A: no striking features
a: no special abilities


You were on level 4 of the Dungeon.
You visited 1 branch of the dungeon, and saw 5 of its levels.

You collected 145 gold pieces.

Inventory:

Missiles
 k - 9 poisoned darts (quivered)
Armour
 a - a +0 robe (worn)
 j - a +0 pair of gloves (worn)
Jewellery
 n - a ring of ice
Wands
 q - a wand of flame (9)
Scrolls
 c - a scroll of noise {unknown}
 g - a scroll of summoning {unknown}
 l - 3 scrolls of identify {unknown}
 p - 2 scrolls of enchant weapon {unknown}
 r - a scroll of immolation {unknown}
Potions
 b - a potion of magic
 d - a potion of might {unknown}
 e - a potion of degeneration {unknown}
 f - 2 potions of lignification {unknown}
 h - 2 potions of heal wounds
 i - a potion of invisibility {unknown}
 m - 3 potions of curing {unknown}
 o - a potion of enlightenment {unknown}


   Skills:
 - Level 2.4 Dodging
 - Level 2.4 Stealth
 + Level 5.8 Spellcasting
 + Level 4.1 Conjurations
 + Level 5.2 Fire Magic


You had 13 spell levels left.
You knew the following spells:

 Your Spells              Type           Power      Damage    Failure   Level
a - Foxfire               Conj/Fire      100%       2x1d9     1%          1
b - Scorch                Fire           58%        2d7       1%          2

Your spell library contained the following spells:

 Spells                   Type           Power      Damage    Failure   Level
 Inner Flame              Hex/Fire       17%        N/A       10%         3
 Volatile Blastmotes      Fire/Tloc      34%        2d12      10%         3
 Flame Wave               Conj/Fire      27%        2d9       13%         4
 Call Imp                 Summ           12%        N/A       14%         2
 Sublimation of Blood     Necr           6%         N/A       14%         2
 Call Canine Familiar     Summ           6%         N/A       28%         3
 Sigil of Binding         Hex            6%         N/A       28%         3
 Dimensional Bullseye     Hex/Tloc       3%         N/A       67%         4
 Summon Hydra             Summ           3%         N/A       100%        7


Dungeon Overview and Level Annotations

Branches:
Dungeon (5/15)
 Temple: D:4-7

Altars:
Dithmenos

Shops:
D:1 *   D:3 (


Message History

Confirm with . or Enter, or press ? or * to list all spells.
You conjure some foxfire!
Casting: Foxfire (safe; 1% risk of failure)
Confirm with . or Enter, or press ? or * to list all spells.
You conjure some foxfire!
Your foxfire dissipates!
Unknown command.
Your foxfire dissipates! x2
Your foxfire dissipates!
An orc priest comes into view. It is wielding a +0 short sword.
The orc priest calls down the wrath of Beogh upon you.
You struggle to resist.
The orc priest invokes the aid of Beogh against you.
Beogh smites you!
The orc priest hits you with a +0 short sword.
An orc priest comes into view. It is wielding a +0 falchion.
Things that are here:
a +2 dagger of venom; a +1 robe of positive energy; an orc skeleton
Casting: Foxfire (safe; 1% risk of failure)
Confirm with . or Enter, or press ? or * to list all spells.
Flames lash the orc priest.
The orc priest is severely wounded.
The orc priest's fire resistance burns away.
The orc priest shouts!
You hear a shout!
The orc priest invokes the aid of Beogh against you.
Pain shoots through your body!
The orc priest hits you with a +0 short sword.
An orc wizard comes into view. It is wielding a +0 dagger.
Casting: Scorch (safe; 1% risk of failure)
Confirm with . or Enter, or press ? or * to list all spells.
Flames lash the orc priest.
The orc priest is severely wounded.
The orc priest's fire resistance burns away.
You hear a shout!
The orc priest hits you with a +0 short sword.
* * * LOW HITPOINT WARNING * * *
An orc comes into view. It is wielding a +0 falchion.
The orc priest mumbles some strange prayers to Beogh against you.
Beogh smites you!
You die...

... ..J ...## ..K[. .....
### ⌠...⌠ #...#
..#.......########...####
#.# #..#........... #.#
##.#.# #..##.##
#)#########....###..##.##
#.#.#.#o@...........##.##
#.)###.o###....###.......
#.#.#o### ##.#.# #####.##
#.##o## #.#.#######.##
#.#### #.#.........##
#.##.##### #.############
#.......######.. .
#.#####§§§....... .
####..##v#######. .


You could see 2 orc priests, an orc wizard and an orc.

Vanquished Creatures
  A phantom (D:4)
  A bombardier beetle (D:3)
  3 orc wizards (D:4)
  4 gnolls (D:4)
  5 adders
  2 ribbon worms
  2 dart slugs
  10 orcs
  5 bats
  6 endoplasms
  3 giant cockroaches
  3 goblins
  3 hobgoblins
  2 jackals (D:1)
  4 quokkas
  6 ball pythons
  4 frilled lizards
  11 kobolds
  A rat (D:2)
76 creatures vanquished.

Vanquished Creatures (collateral kills)
  4 foxfires (D:1)
4 creatures vanquished.

Vanquished Creatures (others)
  285 foxfires
285 creatures vanquished.

Grand Total: 365 creatures vanquished

Notes
Turn   | Place    | Note
-------+----------+-------------------------------------------
     0 | D:1      | bnorton916 the Deep Elf Fire Elementalist began the quest
                  | for the Orb.
     0 | D:1      | Reached XP level 1. HP: 10/10 MP: 6/6
   497 | D:1      | Found Unliewil's General Store.
   834 | D:1      | Reached XP level 2. HP: 15/15 MP: 4/8
   942 | D:1      | Found a faded altar of an unknown god.
  1761 | D:2      | Learned a level 2 spell: Scorch
  1825 | D:2      | Reached XP level 3. HP: 19/19 MP: 6/10
  2589 | D:2      | Reached XP level 4. HP: 24/24 MP: 8/12
  3224 | D:3      | Found a shadowy altar of Dithmenos.
  3590 | D:3      | Found Elaewug's Antique Weapon Shop.
  4234 | D:4      | Reached XP level 5. HP: 28/28 MP: 9/14
  4496 | D:4      | Noticed a phantom
  4514 | D:4      | Killed a phantom
  4515 | D:4      | Reached skill level 5 in Spellcasting
  4560 | D:5      | Entered Level 5 of the Dungeon
  4651 | D:4      | Reached skill level 5 in Fire Magic
  4653 | D:4      | Reached XP level 6. HP: 32/32 MP: 9/16
  5298 | D:4      | Killed from afar by an orc priest

Illustrated notes

Levels and vault maps discovered:
D:1:      minmay_arrival_split_and_join, layout_loops_corners,
          shapermc_ecumenical_altar_mp_ritualfount, serial_shops,
          nicolae_lakefront_shop, nrook_mini_vaults
D:2:      layout_basic, minmay_misc_feat_alley
D:3:      layout_basic, mainiacjoe_overflow_boulevard, serial_shops, shop
D:4:      minmay_spotlight, layout_loops_ring, nicolae_overflow_crystal_walls,
          minivault_19, grunt_ministairs_3
D:5:      layout_gridville, old_standard_altar, nicolae_ossuary_entry_monument,
          minmay_starry_boxes

Skill      XL: |  1  2  3  4  5  6 |
---------------+-------------------+-----
Conjurations   | 2 3 4 |  4.1
Spellcasting   | 4 5 |  5.8
Fire Magic     | 4 5 |  5.2
Dodging        | |  2.4
Stealth        | |  2.4

Action                     |  1- 3 |  4- 6 || total
---------------------------+-------+-------++-------
   Cast: Foxfire           |    96 |    80 ||   176
         Scorch            |     2 |    19 ||    21
    Use: Scroll            |       |     1 ||     1
         Potion            |       |     2 ||     2
 Armour: Robe              |     5 |    25 ||    30
  Dodge: Dodged            |    11 |    12 ||    23
